 Dungeon Crawl Stone Soup version bcrawl-1.37.2 (webtiles) character file.

Game seed: 4991015787273396263

369198 VineThatTabs the Basher (level 11, -2/117 HPs)
             Began as an Ogre Reaver on Dec 19, 2022.
             Was an Elder of Vehumet.
             Slain by a spectral orc knight
             ... wielding a +3 great sword
             ... summoned by Nergalle
              (3 damage)
             ... on level 1 of the Lair of Beasts on Dec 20, 2022.
             The game lasted 00:28:46 (8542 turns).

VineThatTabs the Basher (Ogre Reaver)               Turns: 8542, Time: 00:28:47

Health: -2/117     AC:  9    Str: 17    XL:     11   Next: 19%
Magic:  23/23      EV:  9    Int: 18    God:    Vehumet [****..]
Gold:   431        SH:  0    Dex:  7    Spells: 9/27 levels left

rFire    . . .     GDR:     18% x - +1 giant spiked club
rCold    . . .     SeeInvis .   (shield currently unavailable)
rNeg     . . .     Gourm    .   b - +0 steam dragon scales
rPois    .         Faith    +   (helmet restricted)
rElec    .         Spirit   .   c - +2 cloak
rCorr    .         Reflect  .   (gloves unavailable)
MR       +....                  (boots unavailable)
Stlth    +.........             t - amulet of faith (curse)
HPRegen  0.29/turn              (no ring)
MPRegen  0.18/turn              (no ring)

@: lethally poisoned (-2 -> -2), drained
A: large, unfitting armour, tough skin 1
a: Renounce Religion


You were on level 1 of the Lair of Beasts.
You worshipped Vehumet.
Vehumet was greatly pleased with you.
You were not hungry.

You visited 2 branches of the dungeon, and saw 9 of its levels.

You collected 466 gold pieces.
You spent 35 gold pieces at shops.

Inventory:

Hand Weapons
 x - a +1 giant spiked club (weapon)
Armour
 b - +0 steam dragon scales (worn)
 c - a +2 cloak (worn)
Jewellery
 t - a cursed amulet of faith (around neck)
Wands
 r - a wand of random effects (8)
Scrolls
 d - a scroll of immolation
 g - 5 scrolls of remove curse
 i - 2 scrolls of identify
 n - a scroll of teleportation
 q - 3 scrolls of amnesia
 w - 2 scrolls of fog
Potions
 f - a potion of might {unknown}
 h - 2 potions of cancellation
 j - 3 potions of flight
 k - a potion of heal wounds
 l - a potion of berserk rage
 m - 3 potions of curing
 p - 2 potions of mutation {unknown}
Comestibles
 e - 18 rations {!d}


   Skills:
 + Level 9.9(8.9) Fighting
 * Level 12.0(11.0) Maces & Flails
 - Level 2.6(1.9) Dodging
 * Level 8.6(7.6) Spellcasting
 + Level 7.9(7.0) Conjurations
 + Level 3.0(2.2) Poison Magic


You had 9 spell levels left.
You knew the following spells:

 Your Spells              Type           Power        Failure   Level  Hunger
a - Sting                 Conj/Pois      ###.         1%          1    None
b - Iskenderun's Battles  Conj/Chrm      ###.....     17%         5    #####..
c - Stone Arrow           Conj/Erth      ###...       1%          3    None
d - Lightning Bolt        Conj/Air       ###.....     7%          4    ###....
e - Irradiate             Conj/Tmut      ###.......   17%         5    #####..

Your spell library contained the following spells:

 Spells                   Type           Power        Failure   Level  Hunger
 Icicle Burst             Conj/Ice       ###.......   99%         7    #######
 Sandblast                Erth           #.....       3%          1    None
 Ignite Poison            Fire/Tmut/Pois #.......     6%          3    None
 Dazzling Orbs            Conj/Hex       ###....      7%          3    None
 Poisonous Vapours        Pois/Air       ##....       10%         2    None
 Slow                     Hex            #.......     11%         1    None
 Venom Bolt               Conj/Pois      ###.......   11%         5    #####..
 Ensorcelled Hibernation  Hex/Ice        #.....       16%         2    None
 Passwall                 Tmut/Erth      #.......     16%         2    None
 Confuse                  Hex            #.......     30%         3    None
 Tukima's Dance           Hex            #.......     30%         3    None
 Olgreb's Toxic Radiance  Pois           ##.......    38%         4    ###....
 Summon Scorpions         Summ/Pois      ##......     54%         4    ###....
 Lee's Rapid Deconstruct  Erth           #.........   56%         5    #####..
 Cause Fear               Hex            #.........   71%         4    ###....
 Petrify                  Tmut/Erth      #.........   71%         4    ###....


Dungeon Overview and Level Annotations

Branches:
Dungeon (8/12)             Temple (0/1) D:6            Lair (1/6) D:8
    Orc: D:8-11

Altars:
Dithmenos
Fedhas
Nemelex Xobeh
Ru
Xom
The Shining One

Shops:
D:5 %!=(   D:8 (

Annotations:
D:6 1 runed translucent door
Lair:1 Nergalle


Innate Abilities, Weirdness & Mutations

You are too large for most types of armour.
You have tough skin. (AC +1)


Message History

* * * LOW HITPOINT WARNING * * *
The spectral orc knight hits you with a +3 great sword!
* * * LOW HITPOINT WARNING * * *
The spectral orc knight hits you.
* * * LOW HITPOINT WARNING * * *
You feel drained.
* * * LOW HITPOINT WARNING * * *
No path to travel!
Press: ? - help, v - describe, . - travel
Here: a spectral orc knight, wielding a +3 great sword and wearing a +0 plate armour (lightly damaged, summoned)
Okay, then.
As you read the scroll of fear, it crumbles to dust.
You assume a fearsome visage.
The spectral orc knight is unaffected. x2
The spectral orc warrior is unaffected.
You feel sick.
The spectral orc warrior closely misses you.
The spectral orc knight hits you.
* * * LOW HITPOINT WARNING * * *
You feel drained.
The spectral orc knight hits you with a +3 great sword.
You die...

....# ##
....##
#.##.....##
#........P#
#.........#
#..o..###.o
##........#
#...Z###...o
#....@# ...
#...ZZ.# .
....#.....#
.#........#
###.#....#
#....##..
#.... ###
#....


You could see Nergalle, a spectral orc warrior and 2 spectral orc knights.

Vanquished Creatures
  A two-headed ogre (D:8)
  The ghost of SansUndertale the Skirmisher, a novice NaFi of Sif Muna (D:6)
  A wolf spider zombie (D:8)
  2 komodo dragons (Lair:1)
  3 hippogriffs (D:7)
  2 meliai zombies
  5 yaks (D:8)
  A water moccasin (Lair:1)
  3 porcupines (D:8)
  4 orc warriors
  2 ice beasts
  A necrophage (D:6)
  2 sky beasts
  2 ogres
  A kobold brigand (D:6)
  6 bullfrogs
  2 centaurs (D:7)
  A scorpion (D:4)
  5 killer bees (D:8)
  8 wights
  2 orc priests
  2 crimson imps
  2 bullfrog zombies
  Crazy Yiuf (D:2)
  6 hounds
  2 jellies
  9 orc wizards
  A gnoll shaman (D:5)
  2 iguanas
  6 worker ants
  A hound zombie (D:6)
  A howler monkey zombie (D:6)
  10 adders
  11 gnolls
  2 river rats (D:6)
  A shadow imp (D:5)
  2 adder zombies
  2 adder skeletons (D:6)
  4 worms
  A dart slug (D:3)
  8 leopard geckos
  25 orcs
  A ball python (D:3)
  3 giant cockroaches (D:2)
  6 goblins
  5 hobgoblins
  6 jackals
  19 kobolds
  4 quokkas
  4 bats
  15 frilled lizards
  A quokka skeleton (D:4)
  2 rats
  9 fungi
  A plant (Lair:1)
230 creatures vanquished.

Vanquished Creatures (others)
  11 fungi
  16 plants (Lair:1)
27 creatures vanquished.

Grand Total: 257 creatures vanquished

Notes
Turn   | Place    | Note
-------+----------+-------------------------------------------
     0 | D:1      | VineThatTabs the Ogre Reaver began the quest for the Orb.
     0 | D:1      | Reached XP level 1. HP: 24/24 MP: 3/3
   120 | D:1      | Reached XP level 2. HP: 30/32 MP: 5/5
   196 | D:1      | Reached skill level 4 in Maces & Flails
   729 | D:1      | Reached XP level 3. HP: 40/40 MP: 7/7
   962 | D:2      | Reached XP level 4. HP: 41/49 MP: 7/9
  1278 | D:2      | Reached * piety under Vehumet
  1278 | D:2      | Offered knowledge of Sting by Vehumet.
  1304 | D:2      | Learned a level 1 spell: Sting
  1561 | D:2      | Found a runed door.
  1565 | D:2      | Noticed Crazy Yiuf
  1678 | D:2      | Killed Crazy Yiuf
  1679 | D:2      | Reached skill level 5 in Maces & Flails
  1679 | D:2      | Reached XP level 5. HP: 43/55 MP: 3/10
  1982 | D:3      | Reached skill level 1 in Conjurations
  2087 | D:3      | Found a shimmering altar of Xom.
  2174 | D:3      | Reached skill level 5 in Fighting
  2186 | D:3      | Noticed a bullfrog
  2195 | D:3      | Killed a bullfrog
  2195 | D:3      | Reached ** piety under Vehumet
  2195 | D:3      | Offered knowledge of Sandblast by Vehumet.
  2196 | D:3      | Reached XP level 6. HP: 23/66 MP: 6/12
  2202 | D:3      | Learned a level 5 spell: Iskenderun's Battlesphere
  3006 | D:4      | Found a sparkling altar of Nemelex Xobeh.
  3215 | D:4      | Reached skill level 6 in Maces & Flails
  3241 | D:4      | Reached XP level 7. HP: 71/72 MP: 9/13
  3409 | D:5      | Entered Level 5 of the Dungeon
  3410 | D:5      | Found Gykyacsu's Jewellery Emporium.
  3410 | D:5      | Found Wailuq's Antique Weapon Shop.
  3651 | D:5      | Found Suakow's Food Emporium.
  3797 | D:5      | Found Xejuqi's Distillery.
  3805 | D:5      | Bought a potion of curing for 35 gold pieces
  3931 | D:5      | Reached skill level 5 in Spellcasting
  4021 | D:5      | Reached skill level 7 in Maces & Flails
  4054 | D:5      | Reached XP level 8. HP: 15/83 MP: 9/15
  4365 | D:5      | Found a sacrificial altar of Ru.
  4777 | D:6      | Offered knowledge of Stone Arrow by Vehumet.
  4790 | D:6      | Reached skill level 8 in Maces & Flails
  4795 | D:6      | Reached *** piety under Vehumet
  4815 | D:6      | Learned a level 3 spell: Stone Arrow
  4821 | D:6      | Reached skill level 5 in Conjurations
  4837 | D:6      | Offered knowledge of Lightning Bolt by Vehumet.
  4848 | D:6      | Learned a level 4 spell: Lightning Bolt
  4972 | D:6      | Reached XP level 9. HP: 86/93 MP: 17/17
  5089 | D:6      | Found a runed translucent door.
  5108 | D:6      | Found a staircase to the Ecumenical Temple.
  5110 | D:6      | Found a runed translucent door.
  5111 | D:6      | Noticed SansUndertale's ghost (novice NaFi)
  5164 | D:6      | Found a shadowy altar of Dithmenos.
  5344 | D:6      | Killed SansUndertale's ghost
  5345 | D:6      | Reached skill level 9 in Maces & Flails
  5829 | D:7      | HP: 4/96 [meliai zombie (2)]
  5831 | D:7      | Reached skill level 10 in Maces & Flails
  6022 | D:7      | Reached **** piety under Vehumet
  6321 | D:7      | Reached XP level 10. HP: 75/106 MP: 11/20
  6321 | D:7      | Offered knowledge of Irradiate by Vehumet.
  7052 | D:8      | Reached skill level 11 in Maces & Flails
  7146 | D:8      | Found Urhemeamm's Antique Weapon Boutique.
  7351 | D:8      | Reached skill level 1 in Poison Magic
  7773 | D:8      | Found a blossoming altar of Fedhas.
  7886 | D:8      | Learned a level 5 spell: Irradiate
  7986 | D:8      | Reached ***** piety under Vehumet
  8023 | D:8      | Found a glowing golden altar of the Shining One.
  8025 | D:8      | Noticed a two-headed ogre
  8032 | D:8      | Killed a two-headed ogre
  8032 | D:8      | Offered knowledge of Icicle Burst by Vehumet.
  8033 | D:8      | Reached XP level 11. HP: 112/117 MP: 15/23
  8144 | D:8      | Found a staircase to the Lair.
  8315 | Lair:1   | Entered Level 1 of the Lair of Beasts
  8322 | Lair:1   | Reached skill level 12 in Maces & Flails
  8527 | Lair:1   | Noticed Nergalle
  8541 | Lair:1   | HP: 5/117 [spectral orc knight[Nergalle] (2)]
  8542 | Lair:1   | HP: 1/117 [spectral orc knight[Nergalle] (2)]
  8542 | Lair:1   | Slain by a spectral orc knight

Skill      XL: |  1  2  3  4  5  6  7  8  9 10 11 |
---------------+----------------------------------+-----
Maces & Flails | 4 5 6 7 8 10 11 12 | 12.0
Spellcasting   | 3 4 5 7 8 |  8.6
Conjurations   | 1 2 3 5 6 7 |  7.9
Fighting       | 5 6 7 8 9 |  9.9
Poison Magic   | 2 3 |  3.0
Dodging        | |  2.6

Action                   |  1- 3 |  4- 6 |  7- 9 | 10-12 || total
-------------------------+-------+-------+-------+-------++-------
Melee: Flail             |    84 |   219 |    86 |       ||   389
       Giant spiked club |       |       |    94 |   134 ||   228
 Cast: Sting             |       |    54 |    90 |    55 ||   199
       Stone Arrow       |       |       |     5 |     7 ||    12
       Iskenderun's Batt |       |       |     4 |     5 ||     9
       Lightning Bolt    |       |       |       |     8 ||     8
Evoke: Wand              |       |       |     7 |       ||     7
  Use: Potion            |       |     1 |     2 |     2 ||     5
       Scroll            |       |     2 |    11 |     2 ||    15
  Eat: Chunk             |     2 |    15 |    18 |    16 ||    51
Armor: Steam dragon scal |    46 |   115 |   129 |    84 ||   374
Dodge: Dodged            |    69 |   126 |   177 |    89 ||   461
